Map: [TLMC19] Insomniac Doze

Players

LiquidClem (Clem) - Winner!

  • Race: Terran Terran
  • League: Master
  • Spawn Location: 11:00

DKZherO (herO)

  • Race: Protoss Protoss
  • Spawn Location: 5:00

VOD

Have the link to the VOD?

Description

Time

  • Played on: Dec. 23, 2023, 10:31 a.m.
  • Length: 7:20
Show
View Real Time Build Order
Export as new Build Order

LiquidClem Terran - Winner!

Build Orders: Cyclone Opening 

Get SALT Encoding   

  12  0:00  SCV  
  13  0:12  SCV  
  14  0:17  Supply Depot  
  14  0:24  SCV  
  15  0:39  SCV  
  15  0:40  Barracks  
  16  0:44  Refinery  
  16  0:51  SCV  
  17  1:03  SCV  
  18  1:15  SCV  
  19  1:27  Marine  
  19  1:28  Orbital Command  
  20  1:39  Command Center  
  20  1:49  Factory  
  20  1:54  SCV  
  21  2:04  Supply Depot  
  21  2:05  Barracks Reactor  
  21  2:08  SCV  
  22  2:20  SCV  
  23  2:30  Supply Depot  
  23  2:33  SCV, Refinery  
  24  2:37  Cyclone  
  24  2:41  Marine x2  
  28  2:45  SCV  
  29  2:57  SCV  
  29  2:58  Starport  
  30  3:00  Orbital Command  
  30  3:05  Marine x2  
  30  3:12  SCV  
  33  3:20  Factory Tech Lab  
  33  3:23  Marine x2  
  33  3:24  SCV  
  33  3:26  SCV  
  36  3:36  SCV  
  36  3:39  Siege Tank  
  36  3:40  Starport Tech Lab  
  40  3:42  Supply Depot, SCV  
  40  3:45  Marine x2  
  43  3:48  SCV  
  43  3:54  SCV  
  45  3:59  Barracks, Raven  
  48  4:02  SCV  
  48  4:06  Supply Depot  
  48  4:07  SCV  
  40  4:17  Marine x2  
  40  4:25  SCV  
  39  4:35  Marine x2  
  39  4:37  SCV  
  37  4:46  Marine  
  37  4:47  Orbital Command  
  37  4:49  SCV  
  38  4:53  Marine x2  
  38  4:59  Siege Tank  
  43  5:01  SCV  
  43  5:04  Marine  
  45  5:11  Marine x2  
  45  5:13  SCV  
  45  5:14  SCV  
  49  5:15  Barracks  
  49  5:25  Marine, SCV  
  49  5:26  SCV  
  52  5:31  Siege Tank  
  54  5:37  SCV  
  54  5:38  Marine, SCV  
  51  5:43  Marine  
  51  5:48  Marine  
  51  5:49  SCV  
  52  5:50  SCV  
  52  5:53  Supply Depot  
  52  5:56  Marine  
  54  6:01  Marine  
  54  6:02  Marine, SCV  
  54  6:03  Engineering Bay  
  54  6:04  SCV  
  58  6:08  Siege Tank  
  58  6:09  Supply Depot  
  61  6:14  SCV  
  61  6:15  Marine  
  61  6:16  SCV  
  64  6:22  Supply Depot  
  64  6:23  Marauder  
  64  6:25  Marine x2  
  67  6:26  SCV  
  69  6:36  Marine  
  69  6:38  Orbital Command, SCV  
  59  6:43  Marine x2  
  59  6:44  Siege Tank  
  59  6:46  Marine  
  64  6:50  SCV  
  64  6:53  Marine  
  65  7:01  Marine x2  
  66  7:02  SCV  
  66  7:06  SCV  
Show
View Real Time Build Order
Export as new Build Order

DKZherO Protoss 

Build Orders: Mass Adepts 

Get SALT Encoding   

  12  0:00  Probe  
  13  0:12  Probe  
  14  0:17  Pylon  
  14  0:24  Probe  
  15  0:36  Gateway  
  15  0:37  Probe (Chrono Boost)  
  16  0:44  Assimilator  
  16  0:49  Probe (Chrono Boost)  
  17  0:55  Probe (Chrono Boost)  
  18  1:00  Assimilator  
  18  1:03  Probe  
  19  1:15  Probe  
  20  1:23  Cybernetics Core  
  20  1:26  Pylon  
  20  1:28  Probe  
  21  1:40  Probe  
  21  1:45  Gateway  
  22  1:52  Probe  
  23  1:57  Adept (Chrono Boost)  
  23  2:00  Warp Gate  
  25  2:02  Twilight Council  
  25  2:19  Adept  
  25  2:20  Pylon  
  27  2:32  Adept, Resonating Glaives (Chrono Boost)  
  29  2:41  Gateway  
  29  2:49  Adept  
  31  3:02  Adept  
  33  3:14  Pylon  
  33  3:19  Adept  
  37  3:35  Shield Battery  
  35  3:49  Adept  
  35  3:50  Adept  
  35  3:53  Gateway  
  39  3:58  Adept  
  41  4:05  Pylon  
  37  4:23  Stalker x2  
  37  4:24  Stalker  
  41  4:30  Dark Shrine  
  37  4:47  Adept x2  
  37  4:48  Adept x2  
  41  5:07  Adept  
  41  5:08  Adept x3  
  44  5:39  Adept x2  
  44  5:40  Adept x2  
  30  6:00  Adept x4  
  30  6:02  Probe  
  39  6:25  Sentry x2  
  41  6:26  Adept x2  
  41  6:29  Pylon  
  31  6:52  Adept x4  
Tags
 
Add a new tag
Caveats
  • Supply blocks, unpowered buildings, or Contaminate may cause inaccurate times.
  • Supply counts are checked every 10 seconds.